Map: Lost and Found LE

Players

TrevorLahey

  • Race: Zerg Zerg
  • League: Master
  • Spawn Location: 7:00

zuka - Winner!

  • Race: Protoss Protoss
  • League: Master
  • Spawn Location: 1:00

VOD

Have the link to the VOD?

Description

Time

  • Played on: Sept. 11, 2018, 4:38 p.m.
  • Length: 8:11
Show
View Real Time Build Order
Export as new Build Order

TrevorLahey Zerg 

Build Orders: Hatch First, Ravager All-In 

Get SALT Encoding   

  12  0:01  Drone  
  13  0:12  Overlord  
  13  0:16  Drone  
  14  0:31  Drone x2  
  14  0:34  Drone  
  17  0:52  Hatchery  
  17  0:54  Drone  
  17  0:59  Drone  
  18  1:22  Spawning Pool  
  17  1:28  Drone x2  
  19  1:43  Drone x2  
  19  1:46  Extractor x2  
  19  1:52  Drone  
  16  2:05  Drone  
  18  2:10  Queen  
  18  2:11  Roach Warren  
  19  2:23  Drone x2  
  21  2:41  Hatchery  
  21  2:42  Overlord  
  20  2:52  Roach  
  22  3:00  Overlord  
  22  3:06  Roach  
  24  3:13  Ravager  
  24  3:16  Roach  
  27  3:26  Ravager  
  28  3:27  Roach x3  
  35  3:48  Ravager  
  35  3:58  Roach  
  35  3:59  Drone x2  
  35  4:02  Queen  
  38  4:20  Ravager  
  37  4:26  Ravager  
  33  4:40  Queen  
  33  4:42  Queen  
  34  4:57  Roach x4  
  36  5:05  Roach  
  36  5:06  Zergling x2  
  37  5:13  Overlord  
  37  5:30  Queen  
  37  5:34  Roach  
  41  5:37  Roach  
  41  5:39  Ravager  
  40  5:58  Ravager  
  40  5:59  Ravager  
  40  6:03  Roach  
  44  6:04  Overlord  
  44  6:14  Queen  
  44  6:20  Overlord x2  
  39  6:38  Roach  
  39  6:39  Roach x2  
  45  6:51  Roach x2  
  42  7:11  Ravager  
  42  7:15  Roach x3  
  46  7:17  Queen  
  43  7:35  Roach  
  41  7:44  Ravager  
  41  7:45  Ravager  
  41  7:50  Ravager  
Show
View Real Time Build Order
Export as new Build Order

zuka Protoss - Winner!

Build Orders:  

Get SALT Encoding   

  12  0:00  Probe  
  13  0:13  Probe  
  14  0:21  Probe, Pylon  
  15  0:35  Probe  
  15  0:40  Forge  
  16  0:48  Probe  
  17  1:01  Pylon  
  17  1:08  Pylon  
  17  1:10  Pylon  
  17  1:19  Photon Cannon  
  17  1:22  Probe  
  18  1:33  Pylon  
  18  1:34  Probe  
  19  1:42  Photon Cannon  
  19  1:52  Gateway  
  19  1:58  Pylon  
  19  2:00  Probe  
  20  2:04  Assimilator  
  20  2:19  Probe  
  21  2:23  Photon Cannon  
  21  2:25  Photon Cannon  
  21  2:31  Probe  
  22  2:38  Gateway  
  22  2:43  Cybernetics Core  
  22  2:49  Zealot  
  24  3:02  Photon Cannon  
  24  3:10  Stalker  
  24  3:11  Pylon  
  24  3:15  Stalker  
  28  3:29  Shield Battery  
  28  3:36  Shield Battery  
  28  3:42  Stalker  
  28  3:43  Stalker  
  30  4:12  Stalker  
  32  4:17  Stalker  
  32  4:18  Shield Battery  
  32  4:28  Shield Battery  
  34  4:42  Stalker  
  33  5:11  Stalker  
  35  5:16  Probe  
  35  5:19  Stalker  
  36  5:41  Stalker  
  36  6:03  Pylon  
  36  6:06  Gateway  
  36  6:11  Stalker  
  38  6:21  Stalker  
  38  6:33  Shield Battery  
  38  6:39  Shield Battery  
  38  6:41  Shield Battery  
  38  6:42  Photon Cannon, Stalker  
  38  6:54  Stalker  
  38  7:00  Shield Battery  
  40  7:11  Shield Battery  
  40  7:14  Stalker  
  40  7:41  Photon Cannon  
  40  7:42  Photon Cannon  
  42  7:44  Photon Cannon  
  42  7:45  Pylon  
  42  7:48  Shield Battery  
Tags
 
Add a new tag
Caveats
  • Supply blocks, unpowered buildings, or Contaminate may cause inaccurate times.
  • Supply counts are checked every 10 seconds.